 Dungeon Crawl Stone Soup version 0.29-a0-1027-gcd8c55af63 (webtiles) character file.

Game seed: 15555871177499072545

697 avis the Magician (level 7, 0/31 HPs)
             Began as a Felid Summoner on Aug 12, 2022.
             Was an Initiate of Gozag.
             Killed from afar by an electric eel (13 damage)
             ... with a bolt of electricity
             ... on level 8 of the Dungeon on Aug 13, 2022.
             The game lasted 01:17:44 (10338 turns).

avis the Magician (Felid Summoner)                 Turns: 10338, Time: 01:17:45

Health: 0/31       AC:  2    Str:  4    XL:     7   Next: 38%
Magic:  3/17       EV: 20    Int: 18    God:    Gozag
Gold:   409        SH:  5    Dex: 17    Spells: 6/19 levels left
                                        Lives:  0   Deaths: 2

rFire   . . .      SeeInvis +     - Unarmed
rCold   . . .      Faith    .   (shield unavailable)
rNeg    . . .      Spirit   .   (body armour unavailable)
rPois   +          Reflect  +   (helmet unavailable)
rElec   .          Harm     .   (cloak unavailable)
rCorr   .          Rampage  .   (gloves unavailable)
Will    +....                   (boots unavailable)
Stlth   +++.......              s - amulet of reflection
HPRegen 0.10/turn               h - +4 ring of slaying
MPRegen 0.15/turn               x - ring of poison resistance

@: quick
A: very small, claws 1, fangs 3, see invisible, speed 1, shaggy fur 2, stealthy
paws, no weapons or thrown items, no armour, multi-lived
a: Renounce Religion, Potion Petition, Call Merchant, Bribe Branch


You were on level 8 of the Dungeon.
You worshipped Gozag.
Gozag was aware of your devotion.
You visited 2 branches of the dungeon, and saw 9 of its levels.

You collected 519 gold pieces.
You paid 110 gold pieces to Gozag.

Inventory:

Jewellery
 e - a ring of protection from fire
 h - a +4 ring of slaying (left paw)
 s - an amulet of reflection (around neck)
 x - a ring of poison resistance (right paw)
 B - a ring of positive energy
Wands
 m - a wand of flame (5)
 w - a wand of mindburst (6)
 z - a wand of iceblast (15)
Scrolls
 c - a scroll of enchant armour {unknown}
 d - a scroll of vulnerability {unknown}
 g - a scroll of butterflies {unknown}
 j - a scroll of magic mapping {unknown}
 l - a scroll of poison {unknown}
 r - 3 scrolls of noise {unknown}
 u - a scroll of amnesia {unknown}
 v - a scroll of blinking {unknown}
 y - 2 scrolls of fear {unknown}
 A - 2 scrolls of teleportation {unknown}
Potions
 a - 5 potions of magic
 b - 4 potions of might
 f - 3 potions of resistance
 i - 2 potions of heal wounds
 k - 3 potions of curing
 n - a potion of flight
 o - 2 potions of brilliance
 p - 2 potions of haste
 q - a potion of invisibility


   Skills:
 + Level 3.1 Fighting
 + Level 5.4 Dodging
 - Level 4.0 Stealth
 - Level 1.0 Unarmed Combat
 + Level 6.5 Spellcasting
 - Level 5.0 Hexes
 + Level 6.2 Summonings
 * Level 4.3 Air Magic


You had 6 spell levels left.
You knew the following spells:

 Your Spells              Type           Power      Damage    Failure   Level
a - Summon Small Mammal   Summ           100%       N/A       1%          1
c - Call Imp              Summ           28%        N/A       1%          2
d - Call Canine Familiar  Summ           28%        N/A       2%          3
g - Summon Guardian Gole  Hex/Summ       26%        N/A       3%          3
l - Summon Lightning Spi  Summ/Air       24%        N/A       13%         4

Your spell library contained the following spells:

 Spells                   Type           Power      Damage    Failure   Level
 Poisonous Vapours        Pois/Air       26%        N/A       7%          2
 Static Discharge         Conj/Air       13%        3-5/arc   7%          2
 Magic Dart               Conj           20%        1d4       12%         1
 Sting                    Tmut/Pois      20%        1d4       12%         1
 Mephitic Cloud           Conj/Pois/Air  11%        N/A       19%         3
 Olgreb's Toxic Radiance  Pois           5%         N/A       75%         4
 Lightning Bolt           Conj/Air       6%         1d18      78%         5
 Maxwell's Capacitive Co  Air            10%        ∞         100%        8
 Corpse Rot               Necr/Pois/Air  Unusable   N/A       N/A         4

Dungeon Overview and Level Annotations

Branches:
Dungeon (8/15)             Temple (1/1) D:7
   Lair: D:8-11

Altars:
Ashenzari
Cheibriados
Elyvilon
Fedhas
Gozag
Hepliaklqana
Kikubaaqudgha
Makhleb
Nemelex Xobeh
Okawaru
Ru
Trog
Uskayaw
Vehumet
Wu Jian
Yredelemnul
Zin

Shops:
D:3 (   D:7 *


Innate Abilities, Weirdness & Mutations

You have sharp claws.
You have razor-sharp teeth.
You have supernaturally acute eyesight. (SInv)
You cover ground quickly. (Speed+)
You are covered in thick fur. (AC +2)
Your paws help you pounce on unaware monsters.
You are incapable of wielding weapons or throwing items.
You cannot wear armour.
You gain extra lives every three experience levels.


Message History

Casting: Call Canine Familiar (dangerous; 2% risk of failure)
Confirm with . or Enter, or press ? or * to list all spells.
The spell is extremely dangerous to miscast (13% risk of failure)!
Continue anyway?
An electric hum fills the air.
Casting: Summon Lightning Spire (extremely dangerous; 13% risk of failure)
Confirm with . or Enter, or press ? or * to list all spells.
You don't have enough magic to cast this spell.
What are your orders? t - Meow!
Orders for allies: a - Attack new target. r - Retreat! s - Stop attacking. g - Guard the area. f - Follow me.
Anything else - Cancel.
Gang up on whom?
Press: ? - help, Dir - move target, f - electric eel
Aim: an electric eel (water, asleep, ally target)
Okay, then.
What are your orders? t - Meow!
Orders for allies: a - Attack new target. r - Retreat! s - Stop attacking. g - Guard the area. f - Follow me.
Anything else - Cancel.
Gang up on whom?
Press: ? - help, Dir - move target, f - electric eel
Aim: an electric eel (water, asleep, ally target) Attack!
Unknown command.
Your guardian golem disappears in a puff of smoke!
Your crimson imp blinks!
The electric eel shoots out a bolt of lightning at you!
The bolt of electricity hits your hound!
The bolt of electricity hits you!
Things that are here:
5 gold pieces; a +0 dagger; a +0 robe The electric eel shoots out a bolt of lightning at you!
The bolt of electricity hits the plant!
The plant begins to die.
The bolt of electricity hits you!
You die...
Your body crumbles into a pile of gold.

..........o..#
.......o.....#
..........$.#####
.......[....###
............o.###
#....########...##
#.../########$...##
#.....(8.$..$.....#
.........@......#.#
####PP~....P~~P.# #
#~~~P.~~~~~~.#
#~~~~~P5PPP~.#
#P~~~~P~~P~~.#
#P~~~~~~P~~~.#
#~P~h≈≈≈~~~~..
♣~P§≈S§≈≈~~~♣.
♣~~≈≈≈≈≈≈≈P~♣


You could see an electric eel (ally target), a friendly lightning spire
(summoned), a friendly hound (summoned) and a friendly crimson imp (summoned).

Vanquished Creatures
  A sky beast (D:7)
  A centaur (D:5)
  A scorpion (D:6)
  2 bullfrog zombies (D:6)
  A hound (D:4)
  2 dart slugs (D:2)
  2 orcs
  2 endoplasms
  2 giant cockroaches
  4 goblins
  3 hobgoblins
  A jackal (D:1)
  4 quokkas
  2 bats
  4 kobolds
32 creatures vanquished.

Vanquished Creatures (collateral kills)
  Sigmund (D:2)
  A water moccasin (D:7)
  2 ogres (D:5)
  A centaur (D:7)
  2 bullfrogs
  4 water moccasin zombies (D:6)
  An electric eel (D:7)
  2 bullfrog zombies (D:6)
  A howler monkey (D:5)
  A jelly (D:4)
  A hound (D:6)
  A human zombie (D:6)
  2 orc priests
  2 iguanas
  Terence (D:3)
  2 orc wizards
  Robin (D:2)
  3 adders
  A shadow imp (D:6)
  A white imp (D:5)
  An ufetubus (D:4)
  2 worms
  6 orcs
  2 bats (D:1)
  4 endoplasms
  A giant cockroach (D:1)
  7 goblins
  8 hobgoblins
  7 jackals (D:1)
  3 kobolds
  A quokka (D:1)
  2 frilled lizards (D:2)
  2 rats (D:1)
77 creatures vanquished.

Vanquished Creatures (others)
  A necrophage (D:6)
  2 wights (D:6)
  An orc priest (D:7)
  2 iguanas
6 creatures vanquished.

Grand Total: 115 creatures vanquished

Notes
Turn   | Place    | Note
-------+----------+-------------------------------------------
     0 | D:1      | avis the Felid Summoner began the quest for the Orb.
     0 | D:1      | Reached XP level 1. HP: 7/7 MP: 4/4
   439 | D:1      | Reached XP level 2. HP: 6/11 MP: 0/6
   760 | D:1      | Learned a level 2 spell: Call Imp
  1049 | D:1      | Reached XP level 3. HP: 14/14 MP: 5/8
  1053 | D:1      | Learned a level 3 spell: Call Canine Familiar
  1475 | D:2      | Noticed Robin
  2509 | D:2      | Noticed Sigmund
  2635 | D:2      | Killed Sigmund
  2636 | D:2      | Reached skill level 1 in Unarmed Combat
  2636 | D:2      | Reached skill level 5 in Summonings
  2636 | D:2      | Reached XP level 4. HP: 3/18 MP: 0/11
  2636 | D:2      | Reached XP level 5. HP: 4/21 MP: 0/12
  2640 | D:2      | Learned a level 3 spell: Summon Guardian Golem
  3168 | D:3      | Found a faded altar of an unknown god.
  3414 | D:3      | Noticed Terence
  3442 | D:3      | Killed Terence
  3443 | D:3      | Reached skill level 1 in Hexes
  3729 | D:3      | Found Ogunourch's Weapon Boutique.
  4199 | D:4      | Gained mutation: You are covered in thick fur. (AC +2)
                  | [Felid growth]
  4199 | D:4      | Reached XP level 6. HP: 15/24 MP: 6/13
  4627 | D:4      | Found a hazy altar of Hepliaklqana.
  5091 | D:4      | Learned a level 4 spell: Summon Lightning Spire
  5151 | D:5      | Entered Level 5 of the Dungeon
  5393 | D:5      | Reached skill level 1 in Air Magic
  5400 | D:5      | Reached skill level 1 in Fighting
  5400 | D:5      | Reached skill level 5 in Spellcasting
  5400 | D:5      | Reached XP level 7. HP: 18/28 MP: 8/15
  6874 | D:6      | Found a basalt altar of Yredelemnul.
  6946 | D:6      | Reached XP level 8. HP: 33/33 MP: 9/17
  7347 | D:7      | Found a staircase to the Ecumenical Temple.
  7529 | D:7      | Found Muczoech's Gadget Gallery.
  7767 | Temple   | Entered the Ecumenical Temple
  7996 | Temple   | Became a worshipper of Gozag Ym Sagoz the Greedy
  8124 | D:7      | Reached skill level 5 in Dodging
  8124 | D:7      | Reached skill level 5 in Hexes
  8443 | D:7      | Killed from afar by an orc priest
  8444 | D:7      | Reached XP level 7. HP: -5/30 MP: 14/17
  8715 | D:7      | Reached XP level 8. HP: 14/34 MP: 9/18
  9010 | D:7      | Killed from afar by an electric eel
  9011 | D:7      | Reached XP level 7. HP: 0/30 MP: 13/17
  9878 | D:2      | Killed Robin
 10338 | D:8      | Killed from afar by an electric eel

Illustrated notes

Levels and vault maps discovered:
D:1:      dpeg_arrival_brainrot, layout_loops_corners,
          amcnicky_mini_corridor_feature
D:2:      layout_basic, nicolae_figureground_sparkle, uniq_sigmund, uniq_robin
D:3:      layout_basic, ebering_ecumenical_altar_abandoned, serial_shops,
          nicolae_shop_statue_plus, uniq_terence
D:4:      layout_basic, lemuel_tele_altar
D:5:      layout_gridville, chequers_serial_rivers_small_b
D:6:      layout_rooms, lemuel_mausoleum_altar_yredelemnul
D:7:      layout_rooms, minmay_temple_entry_stoned_glass, fountainhead,
          nicolae_shop_gadgets
D:8:      layout_basic, chequers_temple_overflow_statue_of_worship, tgw_sif,
          mainiacjoe_overflow_catwalk_spiral, serial_bayou, serial_bayou_pond_e,
          serial_bayou_crossing, serial_bayou_shore_a, serial_bayou_pond_d
Temple:   bh_familiar_temple

Skill      XL: |  1  2  3  4  5  6  7  8 |
---------------+-------------------------+-----
Stealth        | 3 4 |  4.0
Spellcasting   | 4 5 6 |  6.5
Unarmed Combat | 1 |  1.0
Summonings     | 5 6 |  6.2
Hexes          | 2 3 4 5 |  5.0
Dodging        | 3 4 5 |  5.4
Air Magic      | 1 4 3 |  4.3
Fighting       | 1 3 |  3.1

Action                   |  1- 3 |  4- 6 |  7- 9 || total
-------------------------+-------+-------+-------++-------
Melee: Unarmed           |    46 |    21 |    23 ||    90
       Bite              |     6 |     3 |     3 ||    12
       Punch             |       |       |     1 ||     1
 Cast: Summon Small Mamm |    15 |     4 |     2 ||    21
       Call Imp          |    11 |     9 |    28 ||    48
       Call Canine Famil |     5 |    15 |    38 ||    58
       Summon Guardian G |       |     1 |    19 ||    20
       Summon Lightning  |       |       |     2 ||     2
  Use: Potion            |       |       |     1 ||     1
       Scroll            |       |       |     7 ||     7
 Stab: Sleeping          |     7 |     4 |     1 ||    12
Armor: Skin              |     2 |     3 |     3 ||     8
Dodge: Dodged            |    44 |    25 |    46 ||   115
Block: Other             |       |    11 |    10 ||    21
       Reflection        |       |     4 |     2 ||     6

Table legend: (Time is in decaauts)
 A = Elapsed time spent in this place.
 B = Non-inter-level travel time spent in this place.
 C = Inter-level travel time spent in this place.
 D = Time resting spent in this place.
 E = Time spent auto-exploring this place.
 F = Levels seen in this place.
 G = Mean time per level.
                   A        B        C        D        E       F      G
               +--------+--------+--------+--------+--------+-----+--------+
         Total |   9166 |   7906 |   1260 |   3071 |   2862 |   9 | 1018.4 |
       Dungeon |   8831 |   7591 |   1240 |   2964 |   2696 |   8 | 1103.9 |
        Temple |    334 |    314 |     20 |    107 |    165 |   1 |  334.0 |
               +--------+--------+--------+--------+--------+-----+--------+

Top non-repeatable levels by time:
     D:2: 1837 daAuts
     D:7: 1477 daAuts
     D:1: 1450 daAuts
     D:4: 1329 daAuts
     D:6: 1326 daAuts
     D:5: 722 daAuts
     D:3: 646 daAuts
  Temple: 334 daAuts
     D:8: 41 daAuts
